 Dungeon Crawl Stone Soup version 0.18.1-6-gd335043 (webtiles) character file.

197 tix the Skirmisher (level 5, 31/42 HPs)
             Began as a Demonspawn Fighter on May 18, 2016.
             Quit the game on level 2 of the Dungeon.
             The game lasted 00:02:11 (1238 turns).

tix the Skirmisher (Demonspawn Fighter)             Turns: 1238, Time: 00:02:12

Health: 31/42      AC:  8    Str: 22    XL:     5   Next: 46%
Magic:  11/14      EV: 11    Int:  9    God:
Gold:   85         SH:  5    Dex: 13    Spells: 0 memorised, 4 levels left

rFire  . . .     SeeInvis .     a - +0 long sword
rCold  . . .     Gourm    .     g - +0 ring mail
rNeg   . . .     Faith    .     r - +0 buckler
rPois  .         Spirit   .     (no helmet)
rElec  .         Dismiss  +     j - +2 cloak
rCorr  .         Reflect  .     (no gloves)
SustAt .         Harm     .     (no boots)
MR     .....                    n - amulet of dismissal
Stlth  ++........               q - ring of magical power
                                (no ring)

@: mighty, very slightly contaminated, hasted, very quick, not resistant to
hostile enchantments, unstealthy
A: hooves 1, nightstalker 1
a: no special abilities


You were on level 2 of the Dungeon.
You were not hungry.

You visited 1 branch of the dungeon, and saw 2 of its levels.

You collected 85 gold pieces.

Inventory:

Hand Weapons
 a - a +0 long sword (weapon)
 m - a +0 short sword
Armour
 g - a +0 ring mail (worn)
 j - a +2 cloak (worn)
 r - a +0 buckler (worn)
Jewellery
 n - an amulet of dismissal (around neck)
 q - a ring of magical power (right hand)
Scrolls
 e - a scroll of fog {unknown}
 h - 3 scrolls of teleportation {unknown}
 i - a scroll of remove curse
Potions
 o - a potion of resistance {unknown}
Comestibles
 f - a bread ration
 p - a beef jerky


   Skills:
 + Level 3.9 Fighting
 * Level 1.4(2.0) Short Blades
 - Level 1.9(2.2) Long Blades
 + Level 3.3 Armour
 + Level 1.2 Dodging
 * Level 1.6 Stealth
 + Level 3.5 Shields


You had 4 spell levels left.
You didn't know any spells.

Dungeon Overview and Level Annotations

Branches:
Dungeon (2/15)

Altars:
Sif Muna


Innate Abilities, Weirdness & Mutations

You have large cloven feet.
You are slightly more attuned to the shadows.


Message History

You slash Sigmund!
Sigmund is almost dead.
You block the bat's attack. Sigmund hits you but does no damage.
You slash Sigmund!
You kill Sigmund!
Your base Short Blades skill increases to level 1!
Your Armour skill increases to level 3!
Your Dodging skill increases to level 1!
Your Stealth skill increases to level 1!
You have reached level 4!
You feel stronger.
Your demonic ancestry asserts itself...
Your feet thicken and deform.
You have reached level 5!
The bat closely misses you.
You barely miss the bat. You kick the bat.
You kill the bat!
No target in view!
No target in view!
No target in view!
Are you sure you want to abandon this character and quit the game? (Confirm with "yes".)

#.##.###......#
#............##
.###+###.##......#.##
......=..#########.#
###.##..## #<#
#....## # ####.# #!#
#@# #....)....#
.............
##.###.....## #
#.#.#.# #.###.# #.# #


There were no monsters in sight!

Vanquished Creatures
  Sigmund (D:2)
  An adder (D:2)
  2 dart slugs
  A giant cockroach (D:1)
  3 goblins
  7 hobgoblins
  4 bats
  4 giant newts (D:1)
  2 kobolds (D:1)
  4 rats
29 creatures vanquished.

Notes
Turn   | Place    | Note
--------------------------------------------------------------
     0 | D:1      | tix the Demonspawn Fighter began the quest for the Orb.
     0 | D:1      | Reached XP level 1. HP: 18/18 MP: 1/1
    82 | D:1      | You fall through a shaft!
   111 | D:2      | Gained mutation: You are slightly more attuned to the shadows. [demonic ancestry]
   111 | D:2      | Reached XP level 2. HP: 21/24 MP: 2/2
   633 | D:1      | Reached XP level 3. HP: 29/29 MP: 3/3
  1203 | D:2      | Found a deep blue altar of Sif Muna.
  1227 | D:2      | Noticed Sigmund
  1236 | D:2      | Killed Sigmund
  1236 | D:2      | Reached skill level 1 in Short Blades
  1236 | D:2      | Reached skill level 1 in Dodging
  1236 | D:2      | Reached skill level 1 in Stealth
  1236 | D:2      | Gained mutation: You have large cloven feet. [demonic ancestry]
  1236 | D:2      | Reached XP level 4. HP: 27/37 MP: 4/4
  1236 | D:2      | Reached XP level 5. HP: 31/42 MP: 5/5
  1238 | D:2      | Quit the game

Skill      XL: |  1  2  3 |
---------------+----------+-----
Shields        | 3 |  3.5
Short Blades   | 1 |  1.4
Armour         | 3 |  3.3
Dodging        | 1 |  1.2
Stealth        | 1 |  1.6
Fighting       | |  3.9
Long Blades    | |  1.9

Action                   |  1- 3 |  4- 6 || total
-------------------------+-------+-------++-------
Melee: Long sword        |    90 |     1 ||    91
       Kick              |       |     1 ||     1
  Use: Potion            |     2 |       ||     2
       Scroll            |     1 |       ||     1
 Stab: Sleeping          |     1 |       ||     1
  Eat: Chunk             |     1 |       ||     1
Armor: Scale mail        |    27 |       ||    27
       Ring mail         |    11 |       ||    11
Dodge: Dodged            |    22 |     1 ||    23
Block: Shield            |    43 |       ||    43
       Buckler           |     1 |       ||     1
